 Dungeon Crawl Stone Soup version 0.30.1-3-gfc49f6343a (webtiles) character file.

Game seed: 3115681337987781288

2258 spardeous the Destroyer (level 8, -2/50 (57) HPs)
             Began as a Demigod Conjurer on Aug 2, 2023.
             Slain by Joseph
             ... wielding a +1 quarterstaff of draining
              (5 damage)
             ... on level 7 of the Dungeon.
             The game lasted 00:09:56 (8182 turns).

spardeous the Destroyer (Demigod Conjurer)          Turns: 8182, Time: 00:09:56

HP:   -2/50 (57)    AC:  6    Str: 12    XL:     8   Next: 93%
MP:   2/17          EV: 10    Int: 24    God:
Gold: 427           SH:  0    Dex: 12    Spells: 4/15 levels left

rFire   . . .        u - +1 dagger (venom)
rCold   + . .        (no shield)
rNeg    . . .        k - +0 ring mail
rPois   .            (no helmet)
rElec   .            (no cloak)
rCorr   .            (no gloves)
SInv    .            h - +0 pair of boots
Will    .....        (no amulet)
Stlth   +            F - +4 ring of slaying
HPRegen 0.28/turn    r - ring of protection from cold
MPRegen 0.15/turn

%: no passive effects
@: heavily drained
A: high MP 1, forlorn, divine attributes
a: no special abilities


You were on level 7 of the Dungeon.
You visited 1 branch of the dungeon, and saw 7 of its levels.

You collected 427 gold pieces.

Inventory:

Hand Weapons
 u - a +1 dagger of venom (weapon)
Missiles
 B - 2 throwing nets
Armour
 a - a +0 robe
 h - a +0 pair of boots (worn)
 k - a +0 ring mail (worn)
Jewellery
 o - a +6 ring of dexterity
 r - a ring of protection from cold (right hand)
 F - a +4 ring of slaying (left hand)
 H - a +5 ring of evasion
Wands
 y - a wand of mindburst (24)
 z - a wand of flame (10)
 A - a wand of charming (8)
Scrolls
 c - 2 scrolls of immolation {unknown}
 f - a scroll of summoning {unknown}
 j - a scroll of blinking {unknown}
 l - a scroll of vulnerability {unknown}
 m - 4 scrolls of identify {unknown}
 n - 3 scrolls of noise {unknown}
 t - 2 scrolls of magic mapping {unknown}
 v - 2 scrolls of teleportation {unknown}
 x - a scroll of poison {unknown}
 E - a scroll of enchant weapon {unknown}
 G - a scroll of fog {unknown}
 J - a scroll of enchant armour {unknown}
Potions
 b - a potion of magic
 d - 2 potions of heal wounds
 e - a potion of haste {unknown}
 g - 11 potions of curing {unknown}
 i - a potion of experience {unknown}
 p - 2 potions of degeneration {unknown}
 q - a potion of cancellation {unknown}
 s - a potion of berserk rage {unknown}
 w - 2 potions of mutation {unknown}
 C - 2 potions of flight {unknown}
 D - a potion of resistance {unknown}
 I - a potion of brilliance {unknown}


   Skills:
 - Level 1.7 Dodging
 - Level 1.7 Stealth
 - Level 4.0 Spellcasting
 - Level 9.0 Conjurations
 + Level 6.4 Translocations


You had 4 spell levels left.
You knew the following spells:

 Your Spells              Type           Power      Damage    Failure   Level
a - Magic Dart            Conj           100%       1d8       1%          1
b - Searing Ray           Conj           96%        2d7       1%          2
c - Iskenderun's Mystic   Conj/Tloc      41%        2d9       10%         4
d - Petrify               Tmut/Erth      4%         N/A       91%         4

Your spell library contained the following spells:

 Spells                   Type           Power      Damage    Failure   Level
 Dazzling Flash           Conj/Hex       52%        N/A       11%         3
 Mephitic Cloud           Conj/Pois/Air  19%        N/A       19%         3
 Portal Projectile        Hex/Tloc       40%        N/A       19%         3
 Volatile Blastmotes      Fire/Tloc      40%        2d13      19%         3
 Passwall                 Tmut/Erth      3%         N/A       32%         2
 Poisonous Vapours        Pois/Air       8%         N/A       32%         2
 Fulminant Prism          Conj/Hex       13%        3d8       34%         4
 Call Canine Familiar     Summ           4%         N/A       54%         3
 Leda's Liquefaction      Hex/Erth       2%         N/A       91%         4
 Olgreb's Toxic Radiance  Pois           4%         N/A       91%         4
 Freezing Cloud           Conj/Ice/Air   9%         6-21      87%         5
 Lee's Rapid Deconstruct  Erth           2%         3d4*      99%         5
 Starburst                Conj/Fire      13%        6d5       99%         6
 Discord                  Hex            2%         N/A       100%        8
 Ignition                 Fire           2%         3d3       100%        8
 Shatter                  Erth           2%         3d6*      100%        9


Dungeon Overview and Level Annotations

Branches:
Dungeon (7/15)             Temple (0/1) D:6

Shops:
D:4 :   D:6 ((

Annotations:
D:7 Joseph


Innate Abilities, Weirdness & Mutations

You have an increased reservoir of magic. (+10% MP)
You shall have no god before yourself.
Your divine heritage dramatically boosts your attributes as you level up.


Message History

You erupt in a blast of force!
The mystic blast hits Joseph.
Joseph is moderately wounded.
Joseph is knocked back by the mystic blast.
Joseph slams into the rock wall!
Joseph is heavily wounded.
You now have 1/17 mp.
Casting: Iskenderun's Mystic Blast (dangerous; 10% risk of failure)
Confirm with . or Enter, or press ? or * to list all spells.
You don't have enough magic to cast this spell.
Unknown command.
You hit Joseph.
Joseph is poisoned.
Joseph is heavily wounded.
Joseph unwields a +0 sling.
Joseph wields a +1 quarterstaff of draining.
You sense an unholy aura.
Joseph barely misses you.
You barely miss Joseph.
Joseph is heavily wounded.
Joseph hits you with a +1 quarterstaff of draining!
You feel drained.
* * * LOW HITPOINT WARNING * * *
You take 17 damage, and have 24/54 hp.
MASSIVE DAMAGE!!
Casting: Iskenderun's Mystic Blast (dangerous; 10% risk of failure)
Confirm with . or Enter, or press ? or * to list all spells.
You don't have enough magic to cast this spell.
Unknown command.
Casting: Iskenderun's Mystic Blast (dangerous; 10% risk of failure)
Confirm with . or Enter, or press ? or * to list all spells.
You don't have enough magic to cast this spell.
You closely miss Joseph.
Joseph is heavily wounded.
Joseph hits you with a +1 quarterstaff of draining!
* * * LOW HITPOINT WARNING * * *
You feel drained.
* * * LOW HITPOINT WARNING * * *
You take 21 damage, and have 3/52 hp.
MASSIVE DAMAGE!!
You feel much better.
Joseph hits you with a +1 quarterstaff of draining!!
* * * LOW HITPOINT WARNING * * *
You feel drained.
You die...

##)# #...... #.# #######
####)############
#.##...#.........
#.####.#......... #.#
#........... #############.#
##....†.....
...........##@#######..######
...........'@.............#
...........##.########.##.#
...........##.# #.##.###
...........##.# #..<....
#############.# ###..... #.#
##.##> #.# #.#.. #.# #.#.#
##############.# ###.#.#


You could see Joseph (poisoned).

Vanquished Creatures
  Sigmund (D:2)
  Duvessa (D:6)
  2 water moccasins (D:6)
  A black bear (D:7)
  A sky beast (D:6)
  A centaur (D:6)
  An ogre (D:5)
  A phantom (D:6)
  5 scorpions
  Dowan (D:6)
  A howler monkey (D:6)
  3 hounds
  A jelly (D:6)
  4 orc priests
  A gnoll bouda (D:4)
  Jessica (D:2)
  3 iguanas (D:5)
  7 orc wizards
  A sleepcap (D:5)
  Ijyb (D:5)
  Natasha (thrice) (D:2)
  4 gnolls
  9 adders
  2 shadow imps (D:6)
  A white imp (D:5)
  7 worms
  5 dart slugs
  35 orcs
  3 endoplasms
  2 giant cockroaches
  10 goblins
  5 hobgoblins
  8 jackals
  6 kobolds
  A quokka (D:1)
  7 ball pythons
  4 bats
  4 frilled lizards
  10 rats
164 creatures vanquished.

Vanquished Creatures (others)
  A human (D:5)
1 creature vanquished.

Grand Total: 165 creatures vanquished

Notes
Turn   | Place    | Note
-------+----------+-------------------------------------------
     0 | D:1      | spardeous the Demigod Conjurer began the quest for the Orb.
     0 | D:1      | Reached XP level 1. HP: 14/14 MP: 5/5
   292 | D:1      | Got Dispater's Secrets of the Cwm
   492 | D:1      | Reached XP level 2. HP: 20/20 MP: 2/7
   601 | D:1      | Reached skill level 4 in Conjurations
  1090 | D:1      | Reached XP level 3. HP: 26/26 MP: 1/9
  1451 | D:1      | Learned a level 2 spell: Searing Ray
  1461 | D:2      | Noticed Jessica
  1548 | D:2      | Killed Jessica
  1782 | D:2      | Reached XP level 4. HP: 33/33 MP: 7/10
  1972 | D:2      | Noticed Natasha
  1975 | D:2      | Killed Natasha
  1976 | D:2      | Reached skill level 5 in Conjurations
  2146 | D:2      | Noticed Sigmund
  2155 | D:2      | Killed Sigmund
  2156 | D:2      | Reached XP level 5. HP: 36/38 MP: 7/13
  2548 | D:2      | Noticed Natasha
  2557 | D:2      | Killed Natasha
  2558 | D:2      | Reached skill level 6 in Conjurations
  2558 | D:2      | Reached XP level 6. HP: 40/45 MP: 4/14
  2682 | D:2      | Noticed Natasha
  2690 | D:2      | Killed Natasha
  2964 | D:3      | Learned a level 4 spell: Iskenderun's Mystic Blast
  4186 | D:4      | Reached XP level 7. HP: 50/50 MP: 8/16
  4300 | D:4      | Reached skill level 7 in Conjurations
  4420 | D:4      | Found Nidets's Book Shoppe.
  4698 | D:5      | Entered Level 5 of the Dungeon
  4889 | D:5      | Reached skill level 1 in Translocations
  5133 | D:5      | Noticed Ijyb
  5280 | D:5      | Killed Ijyb
  5585 | D:5      | Noticed a human
  5587 | D:5      | Killed a human
  6210 | D:6      | Noticed Duvessa
  6220 | D:6      | Noticed Dowan
  6227 | D:6      | Killed Duvessa
  6228 | D:6      | Reached skill level 8 in Conjurations
  6230 | D:6      | Killed Dowan
  6231 | D:6      | Reached XP level 8. HP: 18/57 MP: 4/17
  6602 | D:6      | Found Tupoug's Antique Weapon Shop.
  6738 | D:6      | Reached skill level 9 in Conjurations
  6863 | D:6      | Found Jenaxeco's Weapon Shop.
  7183 | D:6      | Reached skill level 5 in Translocations
  7489 | D:6      | Found a staircase to the Ecumenical Temple.
  7606 | D:7      | Learned a level 4 spell: Petrify
  8159 | D:7      | Noticed Joseph
  8182 | D:7      | Slain by Joseph

Illustrated notes

Levels and vault maps discovered:
D:1:      dpeg_arrival_round_a, layout_loops_corners, roderic_malta_cross
D:2:      layout_loops_cross, uniq_sigmund, uniq_jessica, uniq_natasha
D:3:      layout_loops_ring
D:4:      layout_loops_ring, serial_shops, shop
D:5:      layout_cave_pools, tgw_kikubaaqudgha, nicolae_wormholes, uniq_ijyb
D:6:      layout_rooms, minitemple, lemuel_temple_firewalk_b, serial_shops,
          shop, chequers_serial_rivers_marsh, nicolae_stop_n_shop_1,
          minmay_fractal_squares_diagonal_5, uniq_duvessa
D:7:      layout_basic, uniq_joseph, uniq_prince_ribbit1

Skill      XL: |  1  2  3  4  5  6  7  8 |
---------------+-------------------------+-----
Spellcasting   | 2 3 4 |  4.0
Conjurations   | 4 5 6 8 9 |  9.0
Translocations | 2 6 |  6.4
Dodging        | |  1.7
Stealth        | |  1.7

Action                     |  1- 3 |  4- 6 |  7- 9 || total
---------------------------+-------+-------+-------++-------
  Melee: Dagger            |       |       |    17 ||    17
   Cast: Magic Dart        |    61 |    98 |   147 ||   306
         Searing Ray       |     3 |    15 |    40 ||    58
         Iskenderun's Myst |       |       |     4 ||     4
    Use: Potion            |       |       |     1 ||     1
 Armour: Robe              |     2 |       |       ||     2
         Ring mail         |     1 |     8 |    23 ||    32
  Dodge: Dodged            |     1 |     5 |    30 ||    36
